 Dungeon Crawl Stone Soup version 0.28.0 (webtiles) character file.

Game seed: 1795469349851504645

48 Minsecho the Chopper (level 3, -4/33 HPs)
             Began as a Hill Orc Monk on Feb 7, 2022.
             Slain by an iron imp (7 damage)
             ... summoned by Natasha
             ... on level 3 of the Dungeon.
             The game lasted 00:01:59 (1781 turns).

Minsecho the Chopper (Hill Orc Monk)                Turns: 1781, Time: 00:01:59

Health: -4/33      AC:  2    Str: 21    XL:     3   Next: 72%
Magic:  3/3        EV: 12    Int: 10    God:
Gold:   82         SH:  0    Dex: 13    Spells: 2/2 levels left

rFire   . . .      SeeInvis .   a - +0 hand axe
rCold   . . .      Faith    .   (no shield)
rNeg    . . .      Spirit   .   b - +0 robe
rPois   .          Reflect  .   (no helmet)
rElec   .          Harm     .   (no cloak)
rCorr   .          Rampage  .   (no gloves)
Will    +....                   (no boots)
Stlth   ++........              (no amulet)
HPRegen 0.11/turn               c - +6 ring of strength
MPRegen 0.08/turn               e - ring of willpower

@: no status effects
A: no striking features
a: no special abilities


You were on level 3 of the Dungeon.
You visited 1 branch of the dungeon, and saw 3 of its levels.

You collected 82 gold pieces.

Inventory:

Hand Weapons
 a - a +0 hand axe (weapon)
Armour
 b - a +0 robe (worn)
 m - a +0 leather armour
Jewellery
 c - a +6 ring of strength (left hand)
 e - a ring of willpower (right hand)
Scrolls
 d - a scroll of vulnerability {unknown}
 j - a scroll of blinking {unknown}
Potions
 g - a potion of degeneration {unknown}
 h - a potion of attraction {unknown}
 i - a potion of curing {unknown}
 k - a potion of berserk rage {unknown}
 l - a potion of heal wounds {unknown}


   Skills:
 + Level 4.0 Fighting
 + Level 5.1 Axes
 + Level 2.7 Dodging
 + Level 1.8 Stealth


You had 2 spell levels left.
You didn't know any spells.
Your spell library contained the following spells:

 Spells                   Type           Power      Damage    Failure   Level
 Sublimation of Blood     Necr           0%         N/A       50%         2
 Petrify                  Tmut/Erth      0%         N/A       98%         4
 Irradiate                Conj/Tmut      0%         3d13      100%        5


Dungeon Overview and Level Annotations

Branches:
Dungeon (2/15)

Altars:

Shops:
D:1 !

Annotations:
D:3 Natasha


Message History

HP restored.
You see here a frilled lizard corpse.
Found a leather armour.
l - a lumpy black potion Natasha, Servant of Life and Death comes into view.
Natasha hisses angrily.
Natasha casts a spell.
You see here 19 gold pieces.
Found 5 gold pieces.
You see here a +0 leather armour.
m - a +0 leather armour
Okay, then.
Okay, then.
As you read the scroll labelled KIL HUGGIRRO, it crumbles to dust.
The scroll dissolves into smoke.
It was a scroll of fog.
You barely miss Natasha.
Natasha wildly gestures.
Natasha's front paws start to glow.
Natasha claws you.
Unknown command.
You barely miss Natasha. You barely miss the iron imp.
Natasha barely misses you. The iron imp hits you.
Unknown command.
You closely miss Natasha. You closely miss the iron imp. Natasha claws you.
You slash Natasha!
Natasha is heavily wounded.
You hit the iron imp but do no damage. The iron imp hits you.
Natasha barely misses you.
You completely miss Natasha.
Natasha is heavily wounded.
You barely miss the iron imp. Natasha casts a spell at you.
The magic dart hits you. The iron imp hits you!
* * * LOW HITPOINT WARNING * * *
You hit Natasha but do no damage.
Natasha is heavily wounded.
You closely miss the iron imp. Natasha claws you.
* * * LOW HITPOINT WARNING * * *
The iron imp hits you!
You die...

### ..# #.# ##.# #
##..# #.##§§§##
#.#§§5§§##
#.#..§§h@§§####
......§§§§......
#...##.§§######$
... ##.##
.#.###...### #
#.#.......#
#.#.#†#####........
#.....# #.####.#.
####..# #..


You could see an iron imp (summoned) and Natasha.

Vanquished Creatures
  6 ball pythons (D:1)
  4 bats (D:1)
  5 endoplasms (D:1)
  A giant cockroach (D:1)
  4 goblins (D:1)
  5 hobgoblins
  4 jackals (D:1)
  5 kobolds
  3 quokkas (D:1)
  2 frilled lizards
  A rat (D:1)
40 creatures vanquished.

Notes
Turn   | Place    | Note
-------+----------+-------------------------------------------
     0 | D:1      | Minsecho the Hill Orc Monk began the quest for the Orb.
     0 | D:1      | Reached XP level 1. HP: 19/19 MP: 1/1
   339 | D:1      | Reached XP level 2. HP: 15/27 MP: 2/2
   672 | D:1      | Found Oferor's Distillery.
   805 | D:1      | Reached XP level 3. HP: 33/33 MP: 3/3
  1206 | D:1      | Reached skill level 5 in Axes
  1743 | D:2      | You fall into a shaft and drop 1 floor!
  1770 | D:3      | Noticed Natasha
  1781 | D:3      | Slain by an iron imp

Illustrated notes

Levels and vault maps discovered:
D:1:      lightli_arrival_chessboard, layout_basic, serial_shops,
          nicolae_square_shop, st_stairs_10, minmay_pentomino_u4
D:2:      layout_basic
D:3:      layout_loops_ring, shapermc_ecumenical_altar_totnotflames,
          serial_park_tiny_1, chequers_garden, uniq_jessica, uniq_natasha

Skill      XL: |  1  2  3 |
---------------+----------+-----
Fighting       | 4 |  4.0
Axes           | 5 |  5.1
Dodging        | |  2.7
Stealth        | |  1.8

Action                   || total
-------------------------++-------
Melee: Hand axe          ||   120
  Use: Scroll            ||     1
 Stab: Sleeping          ||     2
       Distracted        ||     1
Armor: Robe              ||    19
Dodge: Dodged            ||    78
